 Seeded DCSS version 0.27-a0-1378-gdefffd1ff6 (webtiles) character file.

Game seed: 5445380936751480407 (custom seed)

858 karkarkar the Chopper (level 7, -10/61 HPs)
             Began as a Minotaur Berserker on June 28, 2021.
             Was a Priest of Trog.
             Mangled by an ogre (13 damage)
             ... on level 5 of the Dungeon on June 29, 2021.
             The game lasted 00:13:25 (4640 turns).

karkarkar the Chopper (Minotaur Berserker)          Turns: 4640, Time: 00:13:26

Health: -10/61     AC: 15    Str: 23    XL:     7   Next: 71%
Magic:  6/6        EV: 12    Int:  4    God:    Trog [***...]
Gold:   305        SH:  0    Dex: 10    Spells: 6/6 levels left

rFire    . . .     SeeInvis .   n - +3 trident (protect)
rCold    . . .     Faith    .   (no shield)
rNeg     . . .     Spirit   .   e - +0 ring mail
rPois    .         Reflect  .   (helmet restricted)
rElec    .         Harm     .   (no cloak)
rCorr    .         Rampage  .   d - +1 pair of gloves
Will     .....                  (no boots)
Stlth    +.........             (no amulet)
HPRegen  0.20/turn              (no ring)
MPRegen  0.10/turn              (no ring)

@: under a protective aura
A: horns 2, retaliatory headbutt
a: Renounce Religion, Berserk, Trog's Hand


You were on level 5 of the Dungeon.
You worshipped Trog.
Trog was most pleased with you.
You visited 1 branch of the dungeon, and saw 5 of its levels.

You collected 305 gold pieces.

Inventory:

Hand Weapons
 a - a +0 hand axe
 n - a +3 trident of protection (weapon)
Missiles
 i - 33 poisoned darts
Armour
 d - a +1 pair of gloves (worn)
 e - a +0 ring mail (worn)
Wands
 k - a wand of digging (2)
 s - a wand of paralysis (9)
 t - a wand of charming (9)
 w - a wand of acid (9)
Scrolls
 j - a scroll of teleportation {unknown}
 p - a scroll of fear {unknown}
 q - a scroll of blinking {unknown}
Potions
 b - 2 potions of curing
 c - a potion of heal wounds
 f - 3 potions of cancellation
 g - a potion of resistance {unknown}
 h - a potion of mutation {unknown}
 m - a potion of ambrosia {unknown}
 o - a potion of magic {unknown}
 r - a potion of brilliance {unknown}
 u - a potion of lignification {unknown}


   Skills:
 + Level 5.4 Fighting
 + Level 6.2(6.8) Axes
 + Level 4.1(5.7) Polearms
 + Level 5.8 Armour
 + Level 4.1 Dodging
 + Level 1.0 Stealth


You had 6 spell levels left.
You didn't know any spells.
Your spell library was empty.

Dungeon Overview and Level Annotations

Branches:
Dungeon (5/15)             Temple (0/1) D:5

Altars:
Fedhas
Nemelex Xobeh
Trog

Shops:
D:1 ((


Innate Abilities, Weirdness & Mutations

You have a pair of horns on your head.
You reflexively headbutt those who attack you in melee.


Message History

You enter the shallow water.
Moving in this stuff is going to be slow.
The adder closely misses you. You furiously retaliate!
You headbutt the adder.
Found a robe.
You puncture the adder!
Your weapon exudes an aura of protection.
You kill the adder!
Trog accepts your kill.
Your Stealth skill increases to level 1!
The white imp gestures at you.
The puff of frost hits you but does no damage.
The white imp gestures at you. The puff of frost hits you!
An ogre comes into view. It is wielding a +0 giant spiked club.
The ogre shouts!
The white imp gestures at you. The puff of frost hits you!
The white imp gestures at you. The puff of frost hits you!
You hear the rusting of a drain nearby.
The ogre closely misses you. You furiously retaliate!
You headbutt the ogre, but do no damage.
The white imp gestures at you. The puff of frost hits you.
Found 25 arrows.
The ogre barely misses you.
The ogre hits you with a +0 giant spiked club!
The white imp gestures at you. The puff of frost hits you.
* * * LOW HITPOINT WARNING * * *
You hit the ogre.
Your weapon exudes an aura of protection.
You headbutt the ogre.
The ogre is moderately wounded.
The ogre hits you with a +0 giant spiked club!
* * * LOW HITPOINT WARNING * * *
You hit the ogre. You headbutt the ogre!
The ogre is almost dead.
The ogre hits you with a +0 giant spiked club!
You die...

#..... ...... ..... ...... ..(.
#...... ...#....... ..........
.###.... ####.........
......... .##............
.......... .##....[......###.
.......# #...#..@O...§≈≈..#..
......## #.##......≈≈§§≈....
.......# ##.....5..≈≈§≈§≈§.....
.......###.........≈§≈>§§≈.....
..........<.......#§≈≈≈§≈≈...#
....................≈§§§≈....#
................###..≈≈≈.....#
..........).....####.(.#.....#
###.............5......#.....#
#


You could see an ogre and a white imp.

Vanquished Creatures
  Sigmund (D:3)
  A water moccasin (D:4)
  2 water moccasin skeletons
  A bullfrog zombie (D:5)
  2 hounds (D:4)
  2 centaur skeletons
  Jessica (D:3)
  2 iguanas (D:5)
  Ijyb (D:3)
  A killer bee zombie (D:4)
  2 hound skeletons (D:4)
  Robin (D:3)
  A howler monkey skeleton (D:4)
  4 gnolls (D:4)
  An adder (D:5)
  A white imp (D:5)
  An adder skeleton (D:4)
  A worm (D:2)
  7 dart slugs
  6 orcs
  4 ball pythons
  4 endoplasms
  3 giant cockroaches
  17 goblins
  7 hobgoblins
  15 jackals
  4 quokkas
  5 bats
  5 frilled lizards
  7 kobolds
  3 rats
113 creatures vanquished.

Notes
Turn   | Place    | Note
-------+----------+-------------------------------------------
     0 | D:1      | karkarkar the Minotaur Berserker began the quest for the
                  | Orb.
     0 | D:1      | Reached XP level 1. HP: 19/19 MP: 0/0
   138 | D:1      | Upgraded the game from 0.27-a0-1359-ga2a4dfd6fd to
                  | 0.27-a0-1378-gdefffd1ff6
   145 | D:1      | Found Qequc's Antique Weapon Emporium.
   147 | D:1      | Found Zehoukhionk's Antique Weapon Emporium.
   245 | D:1      | Reached XP level 2. HP: 26/27 MP: 1/1
   415 | D:1      | Reached skill level 4 in Axes
   763 | D:1      | Reached XP level 3. HP: 33/33 MP: 2/2
  1105 | D:2      | Reached ** piety under Trog
  1669 | D:3      | Found a bloodstained altar of Trog.
  1749 | D:3      | Reached XP level 4. HP: 36/41 MP: 3/3
  1801 | D:3      | Noticed Jessica
  1809 | D:3      | Killed Jessica
  2057 | D:3      | Reached skill level 5 in Axes
  2165 | D:3      | Noticed Ijyb
  2188 | D:3      | Killed Ijyb
  2334 | D:3      | Noticed Robin
  2357 | D:3      | Reached XP level 5. HP: 47/47 MP: 4/4
  2386 | D:3      | Killed Robin
  2751 | D:3      | Noticed Sigmund
  2801 | D:3      | Killed Sigmund
  2802 | D:3      | Reached XP level 6. HP: 54/55 MP: 5/5
  3381 | D:4      | Found a blossoming altar of Fedhas.
  3479 | D:4      | Reached skill level 5 in Fighting
  3496 | D:4      | Noticed a water moccasin
  3506 | D:4      | Killed a water moccasin
  3507 | D:4      | Reached skill level 6 in Axes
  3507 | D:4      | Reached skill level 5 in Armour
  3616 | D:4      | Reached skill level 1 in Polearms
  3980 | D:4      | Reached XP level 7. HP: 48/61 MP: 6/6
  4097 | D:4      | Reached *** piety under Trog
  4334 | D:5      | Entered Level 5 of the Dungeon
  4516 | D:5      | Found a sparkling altar of Nemelex Xobeh.
  4617 | D:5      | Found a staircase to the Ecumenical Temple.
  4626 | D:5      | Reached skill level 1 in Stealth
  4639 | D:5      | HP: 3/61 [ogre (14)]
  4640 | D:5      | Mangled by an ogre

Illustrated notes

Levels and vault maps discovered:
D:1:      saegor_arrival_simple_c, layout_rooms, serial_shops, shop, shop,
          minmay_pentomino_u2
D:2:      layout_loops_ring
D:3:      layout_basic, lemuel_doored_altar, uniq_robin, uniq_sigmund,
          uniq_ijyb, uniq_jessica
D:4:      minmay_bubble_buster, layout_basic, amcnicky_altar_gilded,
          serial_park_tiny_2
D:5:      layout_cave_pools, nemelex_diamond_rough_becter,
          minmay_temple_entry_mist, gup_sewer_entry_bowl,
          hangedman_decor_clover_reticule, kennysheep_diamond

Skill      XL: |  1  2  3  4  5  6  7 |
---------------+----------------------+-----
Fighting       | 4 5 |  5.4
Axes           | 4 5 6 |  6.2
Armour         | 3 4 5 |  5.8
Dodging        | 3 4 |  4.1
Polearms       | 1 4 |  4.1
Stealth        | 1 |  1.0

Action                   |  1- 3 |  4- 6 |  7- 9 || total
-------------------------+-------+-------+-------++-------
Melee: Hand axe          |   104 |    73 |       ||   177
       Headbutt          |    15 |    26 |    18 ||    59
       Trident           |       |    30 |    77 ||   107
Invok: Trog's Hand       |       |     4 |       ||     4
       Berserk           |       |     2 |       ||     2
  Use: Scroll            |     2 |     1 |     3 ||     6
       Potion            |       |     1 |       ||     1
Armor: Animal skin       |     6 |       |       ||     6
       Ring mail         |    40 |    33 |    24 ||    97
Dodge: Dodged            |    83 |    61 |    39 ||   183

Table legend: (Time is in decaauts)
 A = Elapsed time spent in this place.
 B = Non-inter-level travel time spent in this place.
 C = Inter-level travel time spent in this place.
 D = Time resting spent in this place.
 E = Time spent auto-exploring this place.
 F = Levels seen in this place.
 G = Mean time per level.
                   A        B        C        D        E       F      G
               +--------+--------+--------+--------+--------+-----+--------+
         Total |   4682 |   4609 |     73 |    308 |   3409 |   5 |  936.4 |
       Dungeon |   4682 |   4609 |     73 |    308 |   3409 |   5 |  936.4 |
               +--------+--------+--------+--------+--------+-----+--------+

Top non-repeatable levels by time:
     D:3: 1723 daAuts
     D:4: 989 daAuts
     D:1: 935 daAuts
     D:2: 726 daAuts
     D:5: 307 daAuts
